 Dungeon Crawl Stone Soup version 0.28.0-47-ge53b351184 (webtiles) character file.

Game seed: 16033438499188263313

162 bobregger the Cudgeller (level 5, -4/54 HPs)
             Began as an Ogre Berserker on May 10, 2022.
             Was a Believer of Trog.
             Slain by a gnoll
             ... wielding a +0 whip
              (5 damage)
             ... on level 2 of the Dungeon.
             The game lasted 00:02:35 (2035 turns).

bobregger the Cudgeller (Ogre Berserker)            Turns: 2035, Time: 00:02:36

Health: -4/54      AC:  7    Str: 21    XL:     5   Next: 43%
Magic:  5/5        EV: 10    Int:  8    God:    Trog [**....]
Gold:   60         SH:  0    Dex: 10    Spells: 4/4 levels left

rFire   . . .      SeeInvis .   a - +0 mace
rCold   . . .      Faith    .   (no shield)
rNeg    . . .      Spirit   .   b - +0 animal skin
rPois   .          Reflect  .   (helmet restricted)
rElec   .          Harm     .   (no cloak)
rCorr   .          Rampage  .   (gloves unavailable)
Will    .....                   (boots unavailable)
Stlth   +.........              (no amulet)
HPRegen 0.18/turn               e - +4 ring of protection
MPRegen 0.09/turn               (no ring)

@: on berserk cooldown, slowed, very slow
A: large, unfitting armour, tough skin 1
a: Renounce Religion, Berserk, Trog's Hand


You were on level 2 of the Dungeon.
You worshipped Trog.
Trog was pleased with you.
You visited 1 branch of the dungeon, and saw 2 of its levels.

You collected 60 gold pieces.

Inventory:

Hand Weapons
 a - a +0 mace (weapon)
Armour
 b - a +0 animal skin (worn)
Jewellery
 e - a +4 ring of protection (left hand)
 g - a ring of protection from fire
Scrolls
 f - a scroll of identify {unknown}


   Skills:
 - Level 4.0 Fighting
 + Level 5.4 Maces & Flails
 - Level 2.6 Dodging


You had 4 spell levels left.
You didn't know any spells.
Your spell library was empty.

Dungeon Overview and Level Annotations

Branches:
Dungeon (2/15)

Altars:


Innate Abilities, Weirdness & Mutations

You are too large for most types of armour.
You have tough skin. (AC +1)


Message History

You barely miss the gnoll.
The gnoll is severely wounded.
The gnoll hits you with a +0 whip. The gnoll hits you with a +0 flail.
The gnoll hits you with a +0 flail! The gnoll barely misses you.
You hit the gnoll but do no damage.
The gnoll is severely wounded.
The gnoll hits you with a +0 whip. The gnoll hits you with a +0 flail.
You barely miss the gnoll.
The gnoll is severely wounded.
The gnoll misses you. The gnoll hits you but does no damage.
The gnoll closely misses you. x2
You completely miss the gnoll.
The gnoll is severely wounded.
The gnoll barely misses you. The gnoll hits you with a +0 flail.
The gnoll hits you with a +0 flail!
* * * LOW HITPOINT WARNING * * *
The gnoll hits you with a +0 whip.
* * * LOW HITPOINT WARNING * * *
You barely miss the gnoll.
The gnoll is severely wounded.
The gnoll hits you with a +0 whip.
* * * LOW HITPOINT WARNING * * *
The gnoll hits you but does no damage.
You barely miss the gnoll.
The gnoll is severely wounded.
The gnoll barely misses you. The gnoll hits you with a +0 whip.
* * * LOW HITPOINT WARNING * * *
The gnoll closely misses you. The gnoll hits you with a +0 flail.
* * * LOW HITPOINT WARNING * * *
You barely miss the gnoll.
The gnoll is severely wounded.
The gnoll hits you with a +0 whip.
* * * LOW HITPOINT WARNING * * *
The gnoll hits you but does no damage. The gnoll barely misses you.
The gnoll hits you but does no damage.
You hit the gnoll.
You kill the gnoll!
Trog accepts your kill. The gnoll hits you with a +0 whip.
You die...

..... ..... ......
...... #...... #.###
##....... #...#
###.g...... #.#.#
###..@)...... ...###.#.#
#...)#.......
.........###.>..........
...###....#......#......
.......#....#....#......
#...##.........#####
...###...#.......#.###
.>.....................
..####.#...............


You could see a gnoll.

Vanquished Creatures
  An orc wizard (D:2)
  Robin (D:2)
  7 gnolls (D:2)
  An adder (D:2)
  A dart slug (D:1)
  3 orcs (D:2)
  2 bats
  3 endoplasms (D:1)
  A giant cockroach (D:1)
  14 goblins
  6 hobgoblins
  4 jackals (D:1)
  3 quokkas (D:1)
  3 frilled lizards
  5 kobolds
  A rat (D:1)
56 creatures vanquished.

Notes
Turn   | Place    | Note
-------+----------+-------------------------------------------
     0 | D:1      | bobregger the Ogre Berserker began the quest for the Orb.
     0 | D:1      | Reached XP level 1. HP: 24/24 MP: 1/1
   112 | D:1      | Reached skill level 3 in Maces & Flails
   119 | D:1      | Reached XP level 2. HP: 8/32 MP: 2/2
  1063 | D:1      | Reached XP level 3. HP: 39/39 MP: 3/3
  1201 | D:1      | Reached ** piety under Trog
  1386 | D:2      | Reached skill level 4 in Maces & Flails
  1529 | D:2      | Reached XP level 4. HP: 31/48 MP: 4/4
  1541 | D:2      | Noticed Robin
  1765 | D:2      | Killed Robin
  1771 | D:2      | Reached skill level 5 in Maces & Flails
  1854 | D:2      | Reached XP level 5. HP: 53/54 MP: 5/5
  2034 | D:2      | HP: 1/54 [gnoll/+0 whip (3)]
  2035 | D:2      | Slain by a gnoll

Illustrated notes

Levels and vault maps discovered:
D:1:      mrwooster_arrival_statue_2, layout_loops_corners, st_stairs_5
D:2:      layout_rooms, serial_shops, nicolae_shop_bloodbath_and_beyond,
          roderic_lattice_a, hangedman_decor_points, uniq_robin, uniq_sigmund

Skill      XL: |  1  2  3  4 |
---------------+-------------+-----
Maces & Flails | 3 4 5 |  5.4
Fighting       | |  4.0
Dodging        | |  2.6

Action                   |  1- 3 |  4- 6 || total
-------------------------+-------+-------++-------
Melee: Mace              |   116 |    43 ||   159
       Punch             |     2 |       ||     2
Invok: Berserk           |     1 |     4 ||     5
       Trog's Hand       |       |     1 ||     1
  Use: Potion            |       |     4 ||     4
 Stab: Sleeping          |     1 |       ||     1
Armor: Animal skin       |    51 |    44 ||    95
Dodge: Dodged            |    69 |    53 ||   122
